 Dungeon Crawl Stone Soup version 0.22-a0-533-g4d20840 (webtiles) character file.

4077 inc the Nimble (level 10, 47/47 HPs)
             Began as a Felid Chaos Knight on June 21, 2018.
             Quit the game in a labyrinth on June 22, 2018.
             The game lasted 00:27:03 (14012 turns).

inc the Nimble (Felid Chaos Knight)                Turns: 14012, Time: 00:27:03

Health: 47/47      AC:  7    Str: 14    XL:     10   Next: 5%
Magic:  11/11      EV: 31    Int: 18    God:    Xom [...*..]
Gold:   579        SH:  0    Dex: 18    Spells: 8/9 levels left
                                        Lives:  0   Deaths: 3

rFire    . . .     SeeInvis +     - Unarmed
rCold    . . .     Gourm    .   (shield unavailable)
rNeg     . . .     Faith    .   (armour unavailable)
rPois    .         Spirit   .   (helmet unavailable)
rElec    .         Reflect  .   (cloak unavailable)
rCorr    .         Harm     .   (gloves unavailable)
MR       +....     Clarity  +   (boots unavailable)
Stlth    +++++.....             (no amulet)
HPRegen  0.15/turn              E - ring of flight
MPRegen  0.12/turn              D - ring "Here" {Str+2 Int+3}

@: quick
A: very small, no armour, no weapons or thrown items, stealth, claws 1, fangs 3,
thin metallic scales 2, yellow scales 1, see invisible, agile 1, carnivore,
clarity, dopey 1, speed 1, shaggy fur 2, slow metabolism 1, strong 2, MP-powered
wands, sharp paws
a: Renounce Religion, Evoke Flight


You were in a labyrinth.
You worshipped Xom.
You were a favourite toy of Xom.
You were not hungry.

You visited 1 branch of the dungeon, and saw 11 of its levels.
You also visited: Labyrinth and Sewer.

You collected 712 gold pieces.
You spent 133 gold pieces at shops.

Inventory:

Jewellery
 c - an uncursed ring of wizardry
 x - an uncursed ring of teleportation
 D - the ring "Here" (right paw) {Str+2 Int+3}
   (You found it in a labyrinth)

   [ring of intelligence]

   It affects your strength (+2).
   It affects your intelligence (+3).
 E - a ring of flight (left paw)
Wands
 q - a wand of flame (36)
 w - a wand of random effects (12)
 y - a wand of acid (6)
 C - a wand of paralysis (9)
Scrolls
 b - 5 scrolls of remove curse
 e - 3 scrolls of magic mapping
 f - 2 scrolls of fear
 g - 3 scrolls of amnesia
 h - 3 scrolls of teleportation
 j - a scroll of immolation {unknown}
 k - 4 scrolls of random uselessness {unknown}
 m - a scroll of fog {unknown}
 p - a scroll of silence {unknown}
 s - a scroll of blinking {unknown}
 A - a scroll of vulnerability {unknown}
Potions
 d - a potion of degeneration {unknown}
 i - 3 potions of mutation
 l - 2 potions of agility
 n - 4 potions of curing
 o - 2 potions of brilliance
 r - a potion of might {unknown}
 t - 3 potions of cancellation
 u - 3 potions of berserk rage
 v - a potion of heal wounds
 B - a potion of haste
Comestibles
 a - 26 rations


   Skills:
 - Level 7.1 Fighting
 - Level 14.2 Dodging
 + Level 9.9 Stealth
 - Level 11.0 Unarmed Combat


You had 8 spell levels left.
You knew the following spells:

 Your Spells              Type           Power        Failure   Level  Hunger
a - Confusing Touch       Hex            #.....       22%         1    ##.....

Your spell library contained the following spells:

 Spells                   Type           Power        Failure   Level  Hunger
 Confuse                  Hex            #.......     54%         3    ####...
 Metabolic Englaciation   Hex/Ice        #.........   99%         5    ######.
 Petrify                  Tmut/Erth      #.......     91%         4    #####..
 Gell's Gravitas          Tloc           #.........   54%         3    ####...
 Yara's Violent Unravell  Hex/Tmut       #.........   99%         5    ######.


Dungeon Overview and Level Annotations

Branches:
Dungeon (11/15)            Temple (0/1) D:6            Lair (0/6) D:8
    Orc: D:9-12

Altars:
Dithmenos
Elyvilon
Gozag
Okawaru
Qazlal
Uskayaw
Vehumet
Xom

Shops:
D:4 ?[


Innate Abilities, Weirdness & Mutations

You cannot wear armour.
You are incapable of wielding weapons or throwing items.
Your paws allow you to move quietly. (Stealth)
You have sharp claws.
You have razor-sharp teeth.
You have supernaturally acute eyesight. (SInv)
You are carnivorous and can eat meat at any time.
You cover ground quickly.
You are covered in thick fur. (AC +2)
You have a slow metabolism.
Your sharp claws are effective at attacking unaware monsters.
You are mostly covered in thin metallic scales. (AC +3)
You are partially covered in yellow scales. (AC +2)
You are agile. (Dex +2)
You possess an exceptional clarity of mind.
You are dopey. (Int -2)
Your muscles are very strong. (Str +4)
You expend magic power (3 MP) to strengthen your wands.


Message History

The minotaur misses you.
You scratch the minotaur but do no damage.
The minotaur is severely wounded.
The minotaur hits you with a short sword of holy wrath!
* * * LOW HITPOINT WARNING * * *
The minotaur closely misses you.
The minotaur throws a javelin.
The javelin misses you.
You see here a javelin.
The minotaur throws a javelin.
The javelin hits you!!
Ouch! That really hurt!
You die...
Xom roars with laughter!
You are now level 10!
Xom thinks this is hilarious!
You rejoin the land of the living...
Okay, then.
Casting: Confusing Touch (safe; 22% risk of failure)
Confirm with . or Enter, or press ? or * to list all spells.
Okay, then.
Are you sure you want to abandon this character and quit the game? (Confirm with "yes".)

## ## . # ## # #. .#
### #.# #.# #.#
#####.### #. #.@.#...#
###.### #########.#.###
.. #.#.# .. ...#...# #
#.# # #.#####.#.#####.
...........#...... .
▓▓▓▓▓▓▓▓▓▓▓▓▓▓▓▓▓▓▓▓▓▓▓


There were no monsters in sight!

Vanquished Creatures
  Erica (D:9)
  2 two-headed ogres (D:10)
  Pikel (D:5)
  Maurice (D:9)
  A hornet (D:10)
  A hippogriff (D:9)
  Sigmund (D:3)
  A wyvern (D:9)
  2 shadows (Lab)
  2 hogs (D:7)
  A human (D:7)
  Grum (D:9)
  A hungry ghost (D:11)
  3 vampire mosquitoes (D:10)
  A water moccasin (D:8)
  3 orc warriors
  A porcupine (D:8)
  Purgy (Sewer)
  An eye of draining (D:11)
  6 sky beasts
  7 ogres
  A slave (D:5)
  4 black bears
  A phantom (D:10)
  4 wolves
  2 centaurs
  A crocodile (D:8)
  8 bullfrogs
  A wyvern skeleton (D:9)
  8 killer bees
  5 scorpions
  9 wights
  4 howler monkeys
  3 crimson imps
  2 bullfrog zombies (D:5)
  A centaur zombie (D:5)
  9 orc priests
  3 hounds
  3 jellies
  A bullfrog skeleton (D:9)
  3 iguanas
  7 orc wizards
  A centaur skeleton (D:10)
  6 worker ants
  A hound zombie (D:9)
  A hound skeleton (D:7)
  A worker ant zombie (D:7)
  3 gnolls (D:8)
  7 adders
  2 shadow imps
  3 oozes
  2 worms
  3 dart slugs
  5 leopard geckos
  33 orcs
  2 ball pythons (D:2)
  7 bats
  3 giant cockroaches
  9 goblins
  5 hobgoblins
  3 jackals (D:1)
  6 kobolds
  2 quokkas
  A frilled lizard (D:1)
  A quokka zombie (D:6)
  10 rats
236 creatures vanquished.

Vanquished Creatures (collateral kills)
  An ice beast (D:6)
  4 killer bees (D:9)
  A howler monkey (D:8)
  An orc wizard (D:4)
  Robin (D:3)
  An adder (D:3)
  2 goblins (D:3)
  2 hobgoblins (D:2)
13 creatures vanquished.

Vanquished Creatures (others)
  A leopard gecko (D:5)
  6 fungi (D:8)
  A plant (D:8)
8 creatures vanquished.

Grand Total: 257 creatures vanquished

Notes
Turn   | Place    | Note
-------+----------+-------------------------------------------
     0 | D:1      | inc the Felid Chaos Knight began the quest for the Orb.
     0 | D:1      | Reached XP level 1. HP: 10/10 MP: 2/2
    23 | D:1      | XOM: harmless Conj miscast
    87 | D:1      | XOM is BORED!
    87 | D:1      | XOM: harmless Erth miscast
   182 | D:1      | Reached XP level 2. HP: 14/14 MP: 3/3
   233 | D:1      | XOM: god gift: long glowing staff {god gift}
   584 | D:1      | XOM is BORED!
   584 | D:1      | XOM: stat loss: -2 Int (11/13)
  1018 | D:2      | Reached XP level 3. HP: 14/17 MP: 4/4
  1149 | D:2      | XOM: noise
  1164 | D:2      | Reached skill level 4 in Dodging
  1358 | D:2      | Found a hide-covered altar of Uskayaw.
  1470 | D:2      | Reached XP level 4. HP: 20/21 MP: 5/5
  1520 | D:2      | XOM: scenery: 1 doors open
  1752 | D:3      | XOM: 5-stop teleportation journey
  1754 | D:3      | XOM: god gift: 7 rations
  1759 | D:3      | Noticed Robin
  1781 | D:3      | XOM: summons friendly ufetubus
  1782 | D:3      | XOM: smoke on damage
  1783 | D:3      | HP: 1/21 [goblin/club[Robin] (9)]
  1785 | D:3      | XOM: smoke on damage
  1798 | D:3      | Killed Robin
  1798 | D:3      | Reached skill level 5 in Dodging
  2042 | D:3      | Noticed Sigmund
  2045 | D:3      | XOM: enchant monster (good)
  2049 | D:3      | Killed Sigmund
  2049 | D:3      | Reached skill level 7 in Dodging
  2049 | D:3      | Reached XP level 5. HP: 24/24 MP: 6/6
  2097 | D:3      | XOM: divination: magic mapping
  2344 | D:3      | XOM: polymorph orc wizard -> iguana
  2529 | D:3      | Reached skill level 1 in Stealth
  2529 | D:3      | Gained mutation: You are covered in thick fur. (AC +2) [Felid growth]
  2529 | D:3      | Reached XP level 6. HP: 17/28 MP: 7/7
  2763 | D:3      | Found a faded altar of an unknown god.
  3019 | D:3      | XOM: 2-stop teleportation journey
  3029 | D:3      | Found a stormy altar of Qazlal.
  3052 | D:3      | Found a shimmering altar of Xom.
  3287 | D:4      | Found Uvauhydu's Armour Emporium.
  3300 | D:4      | Slain by an orc
  3301 | D:4      | Reached XP level 5. HP: -2/24 MP: 6/6
  3320 | D:4      | XOM: enchant monster (good)
  3330 | D:4      | XOM: confusion
  3330 | D:4      | HP: 1/24 [orc wizard/magic dart (10)]
  3513 | D:3      | Reached skill level 5 in Stealth
  3531 | D:4      | Found Baumasch's Magic Scroll Shop.
  3537 | D:4      | Bought a scroll of teleportation for 42 gold pieces
  3537 | D:4      | Bought a scroll of magic mapping for 49 gold pieces
  3537 | D:4      | Bought a scroll of teleportation for 42 gold pieces
  3553 | D:4      | XOM: butterfly on damage
  3560 | D:4      | Reached XP level 6. HP: 15/28 MP: 7/7
  3614 | D:4      | XOM: confusion (+ monsters)
  3743 | D:4      | Found a glowing drain.
  3754 | Sewer    | Entered a sewer
  3836 | Sewer    | Noticed Purgy
  3845 | Sewer    | Killed Purgy
  3919 | D:4      | XOM: medium Hex miscast
  4040 | D:4      | Reached skill level 5 in Unarmed Combat
  4040 | D:4      | Reached XP level 7. HP: 31/31 MP: 8/8
  4056 | D:4      | Found an iron altar of Okawaru.
  4224 | D:4      | XOM: give mutations
  4224 | D:4      | Gained mutation: You occasionally shout uncontrollably at your foes. [Xom's mischief]
  4224 | D:4      | Gained mutation: You expend magic power (3 MP) to strengthen your wands. [Xom's mischief]
  4224 | D:4      | Gained mutation: You are dopey. (Int -2) [Xom's mischief]
  4403 | D:4      | XOM: medium Tmut miscast
  4488 | D:4      | Gained mutation: Your body sometimes deteriorates upon taking damage. [mutagenic glow]
  4597 | D:5      | Entered Level 5 of the Dungeon
  4598 | D:5      | Noticed Pikel
  4909 | D:5      | XOM: swap monsters
  5001 | D:5      | XOM: harmless Ice miscast
  5038 | D:5      | XOM: potion effect (curing)
  5153 | D:5      | XOM: potion effect (agility)
  5165 | D:5      | Killed Pikel
  5165 | D:5      | Reached XP level 8. HP: 11/34 MP: 9/9
  5168 | D:5      | XOM: divination: detect creatures
  5652 | D:6      | XOM: harmless Pois miscast
  6276 | D:6      | Found a staircase to the Ecumenical Temple.
  6494 | D:6      | XOM: enchant monster (bad)
  6580 | D:6      | Reached skill level 10 in Unarmed Combat
  6814 | D:6      | Found a white marble altar of Elyvilon.
  6899 | D:6      | XOM: mild Hex miscast
  6924 | D:6      | Reached XP level 9. HP: 24/37 MP: 10/10
  7162 | D:6      | XOM: cast spell 'Shadow Creatures'
  7169 | D:6      | XOM: harmless Pois miscast
  7362 | D:7      | Found a radiant altar of Vehumet.
  7552 | D:7      | XOM: 1-stop teleportation journey
  7595 | D:7      | XOM: enchant monster (bad)
  7602 | D:7      | XOM: noise
  7807 | D:7      | XOM: harmless Fire miscast
  7832 | D:7      | Found a shimmering altar of Xom.
  7843 | D:7      | XOM is BORED!
  7887 | D:7      | XOM: potion effect (haste)
  7892 | D:7      | Reached skill level 5 in Fighting
  7900 | D:7      | XOM: summons 3 hostile demons
  7951 | D:6      | XOM: noise
  8266 | D:7      | XOM: 3-stop teleportation journey
  8353 | D:7      | Lost mutation: You are dopey. (Int -2) [potion of mutation]
  8353 | D:7      | Lost mutation: You expend magic power (3 MP) to strengthen your wands. [potion of mutation]
  8353 | D:7      | Gained mutation: You possess an exceptional clarity of mind. [potion of mutation]
  8353 | D:7      | Gained mutation: You are partially covered in yellow scales. (AC +2) [potion of mutation]
  8353 | D:7      | Gained mutation: You expend magic power (3 MP) to strengthen your wands. [potion of mutation]
  8353 | D:7      | Gained mutation: Your flesh is cold resistant. (rC+) [potion of mutation]
  8354 | D:7      | Lost mutation: You occasionally shout uncontrollably at your foes. [potion of mutation]
  8354 | D:7      | Lost mutation: You expend magic power (3 MP) to strengthen your wands. [potion of mutation]
  8354 | D:7      | Lost mutation: Your flesh is cold resistant. (rC+) [potion of mutation]
  8354 | D:7      | Lost mutation: Your body sometimes deteriorates upon taking damage. [potion of mutation]
  8354 | D:7      | Gained mutation: You are dopey. (Int -2) [potion of mutation]
  8354 | D:7      | Gained mutation: You are partially covered in thin metallic scales. (AC +2) [potion of mutation]
  8665 | D:7      | Reached skill level 8 in Dodging
  8665 | D:7      | XOM: cleaving
  9229 | D:7      | XOM: scenery: 4 doors close
  9306 | D:8      | XOM: give mutation
  9306 | D:8      | Gained mutation: Your muscles are strong. (Str +2) [Xom's grace]
  9329 | D:8      | XOM: confuse monster(s)
  9330 | D:8      | XOM: divination: detect items
  9363 | D:7      | XOM: give mutations
  9363 | D:7      | Gained mutation: You are agile. (Dex +2) [Xom's grace]
  9363 | D:7      | Gained mutation: Your muscles are very strong. (Str +4) [Xom's grace]
  9378 | D:7      | XOM: harmless Erth miscast
  9389 | D:7      | XOM: enchant monster (bad)
  9520 | D:7      | Reached skill level 9 in Dodging
  9576 | D:8      | Found a staircase to the Lair.
  9581 | D:8      | XOM: potion effect (might)
  9585 | D:8      | XOM: enchant monster (good)
  9663 | D:8      | Reached XP level 10. HP: 46/46 MP: 11/11
  9700 | D:8      | Reached skill level 10 in Dodging
 10041 | D:8      | XOM: 1-stop teleportation journey
 10204 | D:8      | XOM: noise
 10371 | D:8      | XOM: 4-stop teleportation journey
 10505 | D:9      | Found an opulent altar of Gozag.
 10509 | D:9      | Noticed Grum
 10551 | D:9      | XOM: summons 3 friendly demons
 10556 | D:9      | Reached skill level 11 in Dodging
 10581 | D:9      | Mangled by a wyvern
 10582 | D:9      | Reached XP level 9. HP: -7/42 MP: 10/10
 10600 | D:9      | Noticed Maurice
 10603 | D:9      | XOM: cast spell 'Summon Horrible Things'
 10611 | D:9      | Killed Maurice
 10622 | D:9      | Learned a level 1 spell: Confusing Touch
 10673 | D:9      | XOM: enchant monster (bad)
 10683 | D:9      | Reached skill level 12 in Dodging
 10807 | D:9      | XOM: smoke on damage
 11059 | D:9      | XOM: scenery: 1 doors open, 3 doors close
 11096 | D:9      | XOM: give mutations
 11096 | D:9      | Gained mutation: You expend magic power (3 MP) to strengthen your wands. [Xom's grace]
 11096 | D:9      | Gained mutation: You are mostly covered in thin metallic scales. (AC +3) [Xom's grace]
 11292 | D:9      | XOM: medium Ice miscast
 11509 | D:9      | Found a shadowy altar of Dithmenos.
 11700 | D:9      | XOM: scenery: 1 fountains blood, 1 doors open
 11720 | D:8      | Reached skill level 13 in Dodging
 11724 | D:8      | XOM: cast spell 'Discord'
 11762 | D:9      | Killed Grum
 11762 | D:9      | Reached XP level 10. HP: 29/46 MP: 11/11
 11920 | D:9      | Noticed Erica
 11934 | D:9      | Killed Erica
 11934 | D:9      | Reached skill level 14 in Dodging
 11950 | D:9      | XOM: divination: magic mapping
 11955 | D:9      | Noticed a two-headed ogre
 12026 | D:9      | XOM: confuse monster(s)
 12049 | D:10     | Entered Level 10 of the Dungeon
 12155 | D:10     | Noticed a two-headed ogre
 12168 | D:10     | Killed a two-headed ogre
 12169 | D:10     | Upgraded the game from 0.22-a0-525-gf69a080 to 0.22-a0-533-g4d20840
 12219 | D:10     | Noticed a two-headed ogre
 12225 | D:10     | Killed a two-headed ogre
 12229 | D:10     | XOM: god gift: 56 gold pieces
 12318 | D:10     | XOM: cleaving
 12322 | D:10     | XOM: 3-stop teleportation journey
 12345 | D:10     | XOM: butterfly on damage
 12668 | D:10     | XOM: polymorph killer bee -> ooze
 12673 | D:10     | XOM: cast spell 'Chain of Chaos'
 12795 | D:10     | XOM: scenery: create altars
 13109 | D:11     | XOM: summons friendly white imp
 13110 | D:11     | Noticed a two-headed ogre
 13114 | D:11     | XOM: divination: magic mapping
 13141 | D:11     | XOM: enchant monster (good)
 13171 | D:11     | Reached XP level 11. HP: 50/50 MP: 12/12
 13187 | D:11     | Found a labyrinth entrance.
 13193 | Lab      | Entered a labyrinth
 13235 | Lab      | XOM: divination: detect creatures
 13641 | Lab      | XOM: god gift: 17 stones
 13897 | Lab      | XOM: cleaving
 13908 | Lab      | Got a twitching ivory ring
 13911 | Lab      | Identified the ring "Here" {Str+2 Int+3} (You found it in a labyrinth)
 13952 | Lab      | Noticed a minotaur
 13960 | Lab      | Hit by a javelin thrown by a minotaur
 13961 | Lab      | Reached XP level 10. HP: -18/47 MP: 11/11
 14012 | Lab      | Quit the game

Vault maps used:
D:1:      dpeg_arrival_windows_large_door, minmay_misc_feat_encased
D:2:      nicolae_overflow_hidden_temple, kennysheep_generic_room_13
D:3:      amethyst_overflow_temple_binary, first_ration,
          chequers_ecumenical_altar_grove, uniq_sigmund, uniq_robin
D:4:      kennysheep_okawaru_gauntlet, cheibrodos_sewer_entry_bend,
          serial_shops, shop, nicolae_shop_temple_entry_statues_fountains
D:5:      old_forge, uniq_pikel
D:6:      kennysheep_mini_moat, minmay_temple_entry_large_hall
D:7:      grunt_livestock, hangedman_feature_mirror, nicolae_underground_beach
D:8:      due_lair_maze_entry_diamond
D:9:      grunt_temple_overflow_open, uniq_erica, uniq_maurice, uniq_psyche,
          uniq_grum
D:11:     lab_entry_generic, feat_on_display
Lab:      labyrinth_spiral, nicolae_lab_garden, nicolae_lab_flowing_pool,
          nicolae_lab_grate_2, lab_statue, nicolae_lab_grate
Sewer:    kennysheep_door_sewer

Skill      XL: |  1  2  3  4  5  6  7  8  9 10 |
---------------+-------------------------------+-----
Unarmed Combat | 4 5 8 10 11 | 11.0
Dodging        | 4 7 13 14 | 14.2
Stealth        | 5 7 9 |  9.9
Fighting       | 6 7 |  7.1

Action                   |  1- 3 |  4- 6 |  7- 9 | 10-12 || total
-------------------------+-------+-------+-------+-------++-------
Melee: Unarmed           |   109 |   187 |   486 |   223 ||  1005
       Bite              |     9 |    14 |    56 |    23 ||   102
       Punch             |     1 |     2 |    16 |    16 ||    35
 Cast: Confusing Touch   |       |       |     6 |     1 ||     7
  Use: Potion            |     2 |     2 |     4 |       ||     8
       Scroll            |       |     5 |     3 |     3 ||    11
 Stab: Sleeping          |     4 |    11 |    15 |    11 ||    41
       Distracted        |     1 |       |     2 |     3 ||     6
       Paralysed         |       |     4 |       |       ||     4
       Confused          |       |       |     4 |     2 ||     6
       Petrified         |       |       |     1 |       ||     1
  Eat: Chunk             |     8 |     8 |    10 |     7 ||    33
Armor: Skin              |     1 |     6 |    35 |    17 ||    59
Dodge: Dodged            |    83 |   149 |   425 |   244 ||   901

Table legend:
 A = Spawn XP
 B = Non-spawn XP
 C = Spawn XP percentage of total XP
 D = Spawn monster count
 E = Non-spawn monster count
 F = Spawn count percentage of total count
 G = Total turns spent on level
                    A         B        C        D         E        F      G
               +---------+---------+-------+---------+---------+-------+---------
         Total |       0 |   15236 |   0.0 |       0 |     248 |   0.0 | 14012
               +---------+---------+-------+---------+---------+-------+---------
           D:1 |       0 |      40 |   0.0 |       0 |      23 |   0.0 |  1001
           D:2 |       0 |      61 |   0.0 |       0 |      20 |   0.0 |   755
           D:3 |       0 |     451 |   0.0 |       0 |      27 |   0.0 |  1649
           D:4 |       0 |     489 |   0.0 |       0 |      14 |   0.0 |  1160
           D:5 |       0 |    1031 |   0.0 |       0 |       8 |   0.0 |  1074
           D:6 |       0 |    1148 |   0.0 |       0 |      27 |   0.0 |  1947
           D:7 |       0 |    1867 |   0.0 |       0 |      26 |   0.0 |  1709
           D:8 |       0 |    1921 |   0.0 |       0 |      28 |   0.0 |  1182
           D:9 |       0 |    3247 |   0.0 |       0 |      33 |   0.0 |  1425
          D:10 |       0 |    3721 |   0.0 |       0 |      26 |   0.0 |  1007
          D:11 |       0 |     675 |   0.0 |       0 |       8 |   0.0 |   137
           Lab |       0 |     437 |   0.0 |       0 |       2 |   0.0 |   819
         Sewer |       0 |     148 |   0.0 |       0 |       6 |   0.0 |   147
               +---------+---------+-------+---------+---------+-------+---------
